 Dungeon Crawl Stone Soup version 0.26-a0-1101-g8f9f7f7418 (webtiles) character file.

Game seed: 17355195960820440251

5055 kae the Cleaver (level 10, -2/136 HPs)
             Began as a Hill Orc Fighter on Dec 15, 2020.
             Was a Follower of Qazlal.
             Slain by a wight
             ... wielding a cursed +0 halberd
              (3 damage)
             ... on level 9 of the Dungeon.
             The game lasted 00:05:20 (10535 turns).

kae the Cleaver (Hill Orc Fighter)                 Turns: 10535, Time: 00:05:20

Health: -2/136     AC: 25    Str: 23    XL:     10   Next: 56%
Magic:  14/14      EV:  2    Int: 14    God:    Qazlal [*.....]
Gold:   523        SH:  2    Dex: 10    Spells: 9/9 levels left

rFire    + . .     SeeInvis .   A - +0 battleaxe
rCold    . . .     Faith    .   (shield currently unavailable)
rNeg     + + +     Spirit   .   (armour currently unavailable)
rPois    +         Reflect  .   (helmet currently unavailable)
rElec    .         Harm     .   (cloak currently unavailable)
rCorr    .         Rampage  .   (gloves currently unavailable)
Will     .....     NoTele   +   (boots currently unavailable)
Stlth    +.........             (no amulet)
HPRegen  0.32/turn              i - ring of protection from fire
MPRegen  0.14/turn              t - +6 ring of intelligence

@: tree-form
A: no striking features
a: Renounce Religion


You were on level 9 of the Dungeon.
You worshipped Qazlal.
Qazlal was aware of your devotion.
You were a tree.
You visited 2 branches of the dungeon, and saw 10 of its levels.

You collected 523 gold pieces.

Inventory:

Hand Weapons
 a - a +1 war axe
 A - a +0 battleaxe (weapon)
Armour
 b - a +1 scale mail
 c - a +0 kite shield
 q - a +0 pair of gloves (melded)
 v - a +0 plate armour (melded)
 B - a scarf of repulsion
 E - a scarf of resistance (melded)
Jewellery
 i - a ring of protection from fire (left branch)
 o - an uncursed ring of fire
 r - an uncursed ring of stealth
 t - a +6 ring of intelligence (right branch)
 z - a cursed -4 ring of dexterity {unknown}
Wands
 g - a wand of random effects (25)
 s - a wand of digging (6)
 y - a wand of iceblast (7)
Scrolls
 h - 3 scrolls of teleportation
 m - a scroll of remove curse
 n - 2 scrolls of enchant armour
 w - 3 scrolls of identify
 x - a scroll of enchant weapon
 C - 2 scrolls of amnesia {unknown}
 D - a scroll of magic mapping {unknown}
Potions
 d - 3 potions of might
 e - 2 potions of lignification
 f - 2 potions of ambrosia
 j - 2 potions of brilliance
 k - 2 potions of resistance
 l - 3 potions of curing
 p - a potion of flight
 u - a potion of mutation


   Skills:
 + Level 9.5 Fighting
 + Level 9.9 Axes
 + Level 8.6 Armour
 + Level 6.0 Dodging
 - Level 3.4 Shields
 + Level 5.5 Invocations


You had 9 spell levels left.
You didn't know any spells.
Your spell library contained the following spells:

 Spells                   Type           Power        Failure   Level
 Summon Small Mammal      Summ           #...         28%         1
 Call Imp                 Summ           #.......     41%         2
 Call Canine Familiar     Summ           #.......     65%         3
 Summon Guardian Golem    Hex/Summ       #.......     65%         3
 Summon Ice Beast         Ice/Summ       #.......     96%         4
 Summon Lightning Spire   Summ/Air       #.......     96%         4


Dungeon Overview and Level Annotations

Branches:
Dungeon (9/15)             Temple (1/1) D:7
   Lair: D:8-11         Orc: D:9-12

Altars:
Ashenzari
Cheibriados
Fedhas
Gozag
Hepliaklqana
Kikubaaqudgha
Makhleb
Nemelex Xobeh
Okawaru
Qazlal
Ru
Trog
Uskayaw
Vehumet
Xom
Yredelemnul
The Shining One

Shops:
D:7 (


Message History

The wight hits you but does no damage.
A two-headed ogre comes into view.
It is wielding a +0 dire flail and a +0 giant club.
Your Dodging skill increases to level 6!
You barely miss the ogre.
The ogre is moderately wounded.
You miss the killer bee. x2
The two-headed ogre shouts in stereo!
The killer bee stings you but does no damage. x4
The wight hits you from afar with a cursed +0 halberd.
* * * LOW HITPOINT WARNING * * *
The ogre hits you but does no damage. The killer bee barely misses you.
The killer bee stings you but does no damage.
You cannot fly right now.
You closely miss the ogre.
The ogre is moderately wounded.
You miss the killer bee. x2
The killer bee stings you but does no damage.
The killer bee barely misses you.
The wight hits you from afar with a cursed +0 halberd.
You die...

....##. #.....
#O...###. ...
#........ #..
#......#. #...
#.W...... ...
##........
#.##.☼yz.....
#...O♣y.##...#
##...#####...#
#...#)(...#..
###.....###....
#..............
#..#......>.#.##
####........#..#
#...........
###........###


You could see a two-headed ogre, a phantom, an ogre, 2 killer bees and a wight.

Vanquished Creatures
  Pikel (D:8)
  A gargoyle (D:8)
  Prince Ribbit (D:8)
  4 sky beasts
  3 orc warriors
  A phantom (D:8)
  4 ice beasts
  A black bear (D:6)
  An eye of draining (D:8)
  4 ogres
  5 centaurs
  2 lemures (D:8)
  4 bullfrogs
  2 scorpions
  5 killer bees (D:9)
  11 wights
  2 howler monkeys (D:7)
  5 hounds
  2 orc priests (D:3)
  A gnoll shaman (D:7)
  3 jellies
  6 orc wizards
  A bullfrog skeleton (D:4)
  6 worker ants
  An iguana (D:9)
  Ijyb (D:3)
  2 hound skeletons (D:6)
  A howler monkey zombie (D:5)
  3 gnolls (D:8)
  8 adders
  A shadow imp (D:6)
  2 white imps (D:7)
  2 ufetubi
  2 oozes
  An adder skeleton (D:8)
  2 worms
  4 dart slugs
  4 leopard geckos
  24 orcs
  2 ball pythons
  7 giant cockroaches
  14 goblins
  9 hobgoblins
  3 jackals (D:3)
  8 kobolds
  A quokka (D:8)
  7 bats
  4 frilled lizards
  A jackal skeleton (D:4)
  A leopard gecko skeleton (D:4)
  A quokka skeleton (D:6)
  10 rats
202 creatures vanquished.

Notes
Turn   | Place    | Note
-------+----------+-------------------------------------------
     0 | D:1      | kae the Hill Orc Fighter began the quest for the Orb.
     0 | D:1      | Reached XP level 1. HP: 19/19 MP: 1/1
    92 | D:1      | Reached XP level 2. HP: 27/27 MP: 2/2
   375 | D:1      | Reached XP level 3. HP: 32/33 MP: 3/3
   810 | D:2      | Reached skill level 1 in Dodging
   810 | D:2      | Reached XP level 4. HP: 38/41 MP: 4/4
  1044 | D:2      | Found a shimmering altar of Xom.
  1458 | D:2      | Found a blossoming altar of Fedhas.
  1948 | D:3      | Found an iron altar of Okawaru.
  1960 | D:3      | Reached XP level 5. HP: 44/47 MP: 5/5
  2391 | D:3      | Found an opulent altar of Gozag.
  3069 | D:3      | Noticed Ijyb
  3074 | D:3      | Reached skill level 5 in Fighting
  3084 | D:3      | Killed Ijyb
  3085 | D:3      | Reached XP level 6. HP: 48/56 MP: 6/6
  3595 | D:4      | Reached skill level 5 in Axes
  4255 | D:4      | Reached XP level 7. HP: 61/61 MP: 7/7
  4469 | D:5      | Entered Level 5 of the Dungeon
  4529 | D:5      | Reached skill level 5 in Armour
  5001 | D:5      | Found an opulent altar of Gozag.
  5481 | D:6      | Reached XP level 8. HP: 48/71 MP: 8/8
  6469 | D:6      | Reached XP level 9. HP: 20/79 MP: 9/9
  7587 | D:7      | Found a staircase to the Ecumenical Temple.
  7606 | Temple   | Entered the Ecumenical Temple
  7679 | Temple   | Became a worshipper of Qazlal Stormbringer
  7719 | D:7      | Reached skill level 1 in Invocations
  7980 | D:7      | Found Werusmig's Weapon Boutique.
  8208 | D:7      | Reached skill level 5 in Dodging
  8973 | D:8      | Noticed a boulder beetle
  8974 | D:8      | Noticed a gargoyle
  8975 | D:8      | Reached * piety under Qazlal
  8984 | D:8      | Noticed Pikel
  9009 | D:8      | Killed Pikel
  9010 | D:8      | Reached XP level 10. HP: 39/91 MP: 11/13
  9220 | D:8      | Noticed Prince Ribbit
  9227 | D:8      | Killed Prince Ribbit
  9257 | D:8      | Killed a gargoyle
  9597 | D:8      | Reached skill level 5 in Invocations
  9737 | D:8      | HP: 1/91 [boulder beetle (15)]
 10533 | D:9      | HP: 1/136 [ogre/+0 giant club (13)]
 10533 | D:9      | Noticed a two-headed ogre
 10535 | D:9      | Slain by a wight

Illustrated notes

Levels and vault maps discovered:
D:1:      tarquinn_simple_flora_water_d, layout_basic
D:2:      layout_basic, nicolae_overflow_crystal_walls, tgw_xom
D:3:      kennysheep_the_goblin_king, layout_basic, okawaru_ov_weapons_minmay,
          grunt_gozag_statues
D:4:      layout_gridville, dk_noncrumbling_2
D:5:      layout_basic, kennysheep_little_box
D:6:      layout_gridville, chequers_serial_rivers_room_a
D:7:      layout_loops_corners, minmay_temple_entry_mini_moons, serial_shops,
          nicolae_shop_temple_entry_statues_fountains
D:8:      minmay_curly_fans, layout_rooms, uniq_prince_ribbit1, uniq_pikel
D:9:      layout_rooms, chequers_temple_overflow_statue_of_worship,
          gammafunk_temple_overflow_claw, special_room [special_room_orc]
Temple:   eino_temple_lava

Skill      XL: |  1  2  3  4  5  6  7  8  9 10 |
---------------+-------------------------------+-----
Axes           | 3 4 5 6 7 9 |  9.9
Fighting       | 4 5 6 7 9 |  9.5
Dodging        | 1 2 3 4 5 6 |  6.0
Armour         | 4 5 6 8 |  8.6
Invocations    | 4 5 |  5.5
Shields        | |  3.4

Action                   |  1- 3 |  4- 6 |  7- 9 | 10-12 || total
-------------------------+-------+-------+-------+-------++-------
Melee: War axe           |    86 |   194 |   229 |       ||   509
       Battleaxe         |       |       |   114 |   103 ||   217
  Use: Scroll            |       |    13 |     2 |     1 ||    16
       Potion            |       |       |     3 |     4 ||     7
 Stab: Invisible         |       |     1 |       |       ||     1
Armor: Scale mail        |    45 |    48 |       |       ||    93
       Plate armour      |       |    39 |   240 |    69 ||   348
       Skin              |       |       |       |    56 ||    56
Dodge: Dodged            |    16 |    51 |   105 |    79 ||   251
       Repelled          |       |       |     2 |     1 ||     3
Block: Kite shield       |    42 |    98 |   102 |       ||   242
       Other             |       |       |       |     9 ||     9

Table legend: (Time is in decaauts)
 A = Elapsed time spent in this place.
 B = Non-inter-level travel time spent in this place.
 C = Inter-level travel time spent in this place.
 D = Time resting spent in this place.
 E = Time spent auto-exploring this place.
 F = Levels seen in this place.
 G = Mean time per level.
                   A        B        C        D        E       F      G
               +--------+--------+--------+--------+--------+-----+--------+
         Total |  10770 |  10318 |    452 |   1899 |   6832 |  10 | 1077.0 |
       Dungeon |  10687 |  10257 |    430 |   1899 |   6773 |   9 | 1187.4 |
        Temple |     82 |     61 |     21 |      0 |     59 |   1 |   82.0 |
               +--------+--------+--------+--------+--------+-----+--------+

Top non-repeatable levels by time:
     D:6: 2326 daAuts
     D:8: 1617 daAuts
     D:3: 1386 daAuts
     D:7: 1256 daAuts
     D:2: 1206 daAuts
     D:4: 1181 daAuts
     D:5: 861 daAuts
     D:1: 800 daAuts
  Temple: 82 daAuts
     D:9: 50 daAuts
